 Dungeon Crawl Stone Soup version 0.22.1 (webtiles) character file.

487 Fang the Chopper (level 7, -2/44 HPs)
             Began as a Gargoyle Berserker on Sept 18, 2018.
             Was a Believer of Trog.
             Slain by a yak (8 damage)
             ... on level 4 of the Dungeon.
             The game lasted 00:02:37 (3192 turns).

Fang the Chopper (Gargoyle Berserker)               Turns: 3192, Time: 00:02:37

Health: -2/44      AC:  7    Str: 22    XL:     7   Next: 13%
Magic:  7/7        EV: 13    Int:  8    God:    Trog [**....]
Gold:   160        SH:  0    Dex:  9    Spells: 6/6 levels left

rFire    . . .     SeeInvis .   a - +0 hand axe
rCold    . . .     Gourm    .   (no shield)
rNeg     + . .     Faith    .   b - +0 animal skin
rPois    ∞         Spirit   .   (no helmet)
rElec    +         Reflect  .   (no cloak)
rCorr    .         Harm     .   (no gloves)
MR       +....                  (no boots)
Stlth    ++........             (no amulet)
HPRegen  0.14/turn              g - ring of protection from magic
MPRegen  0.10/turn              (no ring)

@: berserk cooldown, slowed, very slow
A: negative energy resistance 1, electricity resistance, unbreathing,
petrification resistance, rot immunity, AC +4
a: Berserk, Trog's Hand, Renounce Religion


You were on level 4 of the Dungeon.
You worshipped Trog.
Trog was pleased with you.
You were not hungry.

You visited 1 branch of the dungeon, and saw 4 of its levels.

You collected 160 gold pieces.

Inventory:

Hand Weapons
 a - a +0 hand axe (weapon)
Armour
 b - a +0 animal skin (worn)
Jewellery
 g - a ring of protection from magic (left hand)
Wands
 p - a wand of polymorph (20)
 q - a wand of iceblast (24)
Scrolls
 f - 2 scrolls of amnesia {unknown}
 i - 2 scrolls of enchant weapon {unknown}
 j - a scroll of enchant armour {unknown}
 l - 3 scrolls of teleportation {unknown}
 m - a scroll of blinking {unknown}
 n - a scroll of remove curse {unknown}
 o - 2 scrolls of identify {unknown}
 r - a scroll of magic mapping {unknown}
Potions
 d - 2 potions of curing {unknown}
 e - a potion of brilliance {unknown}
 h - 4 potions of haste {unknown}
 k - a potion of agility {unknown}
Comestibles
 c - 9 rations


   Skills:
 + Level 4.8 Fighting
 + Level 5.3 Axes
 + Level 2.2 Armour
 + Level 3.3 Dodging
 + Level 1.7 Stealth


You had 6 spell levels left.
You didn't know any spells.
Your spell library was empty.

Dungeon Overview and Level Annotations

Branches:
Dungeon (4/15)
 Temple: D:4-7

Altars:
Ru
Vehumet
Xom
The Shining One

Shops:
D:4 %


Innate Abilities, Weirdness & Mutations

You are resistant to torment.
Your stone body is resilient. (AC +4)
You are immune to poison.
You resist negative energy. (rN+)
You are resistant to electric shocks. (rElec)
You can survive without breathing.
You are immune to petrification.
You are immune to rotting.


Message History

You have reached level 7!
You barely miss the yak. The yak gores you!
* * * LOW HITPOINT WARNING * * *
Found 2 scrolls labeled FEFALO XEDEODO.
Found Itavel's Food Emporium.
Things that are here:
a yak corpse x2
You slash the yak!
The yak is severely wounded.
The yak barely misses you.
Unknown command.
You hit the yak.
The yak is almost dead.
You are no longer berserk.
You are exhausted.
You feel yourself slow down.
You hit the yak.
The yak is almost dead.
The yak gores you but does no damage. The yak gores you!
You die...

..<. ... ./.
###... .....#..
. ..#.#.#+#..
.#.#.#....
#♣.........
#..........
#.#.♣∩♣<.......
#.....Y@...!...
#....♣.........
............#..
............# .
............#
............#
....#+#.#.#.#
.... #.#.#?#


You could see a yak.

Vanquished Creatures
  2 yaks (D:4)
  A bullfrog skeleton (D:3)
  6 gnolls (D:3)
  5 adders
  3 oozes
  2 worms
  3 dart slugs
  2 leopard geckos
  An orc (D:3)
  6 bats
  3 giant cockroaches
  6 goblins
  6 hobgoblins
  5 kobolds
  A ball python (D:2)
  5 frilled lizards
  6 rats
63 creatures vanquished.

Notes
Turn   | Place    | Note
-------+----------+-------------------------------------------
     0 | D:1      | Fang the Gargoyle Berserker began the quest for the Orb.
     0 | D:1      | Reached XP level 1. HP: 14/14 MP: 1/1
   364 | D:1      | Reached XP level 2. HP: 5/20 MP: 2/2
   638 | D:1      | Reached skill level 3 in Axes
   831 | D:1      | Reached XP level 3. HP: 17/24 MP: 3/3
  1339 | D:2      | Found a radiant altar of Vehumet.
  1372 | D:2      | Found a shimmering altar of Xom.
  1378 | D:2      | Reached ** piety under Trog
  1398 | D:2      | Reached XP level 4. HP: 27/29 MP: 4/4
  1831 | D:3      | Reached skill level 4 in Axes
  1835 | D:3      | Reached XP level 5. HP: 7/33 MP: 5/5
  2345 | D:3      | Reached skill level 1 in Stealth
  2578 | D:3      | Found a sacrificial altar of Ru.
  2842 | D:3      | Found a glowing golden altar of the Shining One.
  3171 | D:4      | Noticed a yak
  3171 | D:4      | Noticed a yak
  3171 | D:4      | Noticed a yak
  3178 | D:4      | Killed a yak
  3178 | D:4      | Reached skill level 5 in Axes
  3178 | D:4      | Reached XP level 6. HP: 39/39 MP: 6/6
  3188 | D:4      | Killed a yak
  3188 | D:4      | Reached XP level 7. HP: 19/44 MP: 7/7
  3189 | D:4      | Found Itavel's Food Emporium.
  3192 | D:4      | Slain by a yak

Skill      XL: |  1  2  3  4  5 |
---------------+----------------+-----
Axes           | 3 4 5 |  5.3
Fighting       | 4 |  4.8
Dodging        | 2 3 |  3.3
Stealth        | 1 |  1.7
Armour         | |  2.2

Action                   |  1- 3 |  4- 6 |  7- 9 || total
-------------------------+-------+-------+-------++-------
Melee: Hand axe          |   126 |   139 |     3 ||   268
Invok: Berserk           |       |     2 |       ||     2
  Eat: Chunk             |     1 |     6 |       ||     7
       Ration            |       |     1 |       ||     1
Armor: Animal skin       |    44 |    48 |     1 ||    93
Dodge: Dodged            |    94 |   106 |     1 ||   201
